 Dungeon Crawl Stone Soup version 0.30-b1-2-g02819fbbbe (webtiles) character file.

Game seed: 16820164277711959361

197972 Dirian the Peltast (level 17, -3/158 (163) HPs)
             Began as a Minotaur Berserker on May 19, 2023.
             Was a High Priest of Trog.
             Slain by a seven-headed hydra (11 damage)
             ... on level 4 of the Swamp.
             The game lasted 00:58:55 (30194 turns).

Dirian the Peltast (Minotaur Berserker)            Turns: 30194, Time: 00:58:56

HP:   -3/158 (163)  AC: 25    Str: 33    XL:     17   Next: 79%
MP:   16/16         EV: 10    Int:  4    God:    Trog [*****.]
Gold: 1495          SH: 19    Dex: 10    Spells: 16/16 levels left

rFire   + + .        a - +7 broad axe (flame)
rCold   + . .        V - +0 kite shield {reflect}
rNeg    . . .        Y - +5 chain mail of Tuel {-Cast +Inv rCorr}
rPois   +            (helmet restricted)
rElec   .            m - +1 cloak
rCorr   +            K - +1 pair of gloves {Str+3}
SInv    .            U - +0 pair of boots {Fly}
Will    +....        B - amulet of reflection Stlth
                     Z - ring "Yluene" {rF++ rC+ Stlth+}
HPRegen 0.46/turn    x - ring of poison resistance
MPRegen 0.15/turn

%: no spellcasting, reflection
@: about to teleport, flying, slowed, lightly drained, very slow
A: horns 2, retaliatory headbutt
}: 1/15 runes: serpentine
a: Renounce Religion, Evoke Invisibility, Berserk, Trog's Hand, Brothers in Arms


You were on level 4 of the Swamp.
You worshipped Trog.
Trog was extremely pleased with you.
You visited 5 branches of the dungeon, and saw 26 of its levels.
You also visited: Ice Cave and Volcano.

You collected 2541 gold pieces.
You spent 1046 gold pieces at shops.

Inventory:

Hand Weapons
 a - a +7 broad axe of flaming (weapon)
 b - a +1 broad axe
 y - a +5 executioner's axe
Missiles
 c - a throwing net (quivered)
Armour
 m - a +1 cloak (worn)
 G - a +2 pair of boots
 I - a +1 chain mail of poison resistance
 K - a +1 pair of gloves of strength (worn)
 U - a +0 pair of boots of flying (worn)
 V - a +0 kite shield of reflection (worn)
 W - a +4 chain mail of fire resistance
 Y - the +5 chain mail of Tuel (worn) {-Cast +Inv rCorr}
   (You took it off an orc high priest on level 2 of the Orcish Mines)

   +Inv:      It lets you turn invisible.
   -Cast:     It prevents spellcasting.
   rCorr:     It protects you from acid and corrosion.
Jewellery
 i - a ring of protection from cold
 x - a ring of poison resistance (right hand)
 B - an amulet of reflection (around neck)
 R - a ring of see invisible
 Z - the ring "Yluene" (left hand) {rF++ rC+ Stlth+}
   (You bought it in a shop on level 4 of the Snake Pit)

   [ring of protection from cold]

   rF:        It greatly protects you from fire.
   rC:        It protects you from cold.
   Stlth:     It makes you more stealthy.
Wands
 e - a wand of charming (35)
 j - a wand of polymorph (3)
 v - a wand of digging (6)
 L - a wand of mindburst (3)
 N - a wand of quicksilver (22)
 O - a wand of flame (41)
 P - a wand of iceblast (10)
Scrolls
 g - a scroll of magic mapping
 r - 4 scrolls of identify
 t - 13 scrolls of teleportation
 z - 6 scrolls of blinking
 C - 4 scrolls of fear
 E - 3 scrolls of immolation
 F - 5 scrolls of fog
 H - 4 scrolls of enchant armour
 M - 4 scrolls of poison
 X - 2 scrolls of silence
Potions
 d - 5 potions of might
 h - 5 potions of haste
 k - 3 potions of flight
 n - 3 potions of resistance
 o - 2 potions of magic
 q - 7 potions of curing
 s - 2 potions of ambrosia
 u - 2 potions of berserk rage
 w - 6 potions of heal wounds
 A - 6 potions of attraction
 D - 3 potions of cancellation
 J - 4 potions of mutation
 Q - 3 potions of invisibility
 S - a potion of lignification
Miscellaneous
 f - a phial of floods
 l - a phantom mirror
 T - a condenser vane (inert)


   Skills:
 + Level 17.8 Fighting
 + Level 19.2 Axes
 + Level 15.9 Armour
 - Level 2.1 Dodging
 * Level 20.3 Shields
 * Level 11.5 Evocations


You had 16 spell levels left.
You didn't know any spells.
Your spell library was empty.

Dungeon Overview and Level Annotations

Branches:
Dungeon (11/15) Zot: 26206  Temple (0/1) D:7            Lair (5/5) D:9 Zot: 23461
  Swamp (4/4) Lair:3 Zot: 21215   Snake (4/4) Lair:3 Zot: 17908   Slime (0/5) Lair:4
    Orc (2/2) D:11 Zot: 9529     Elf (0/3) Orc:2         IceCv (visited)
Volcano (visited)

Altars:
Cheibriados
Dithmenos
Elyvilon
Gozag
Makhleb
Sif Muna
Xom
Yredelemnul
Zin
The Shining One
Jiyva

Shops:
D:3 *   D:4 :   D:6 (   Orc:1 :   Orc:2 **:[   Snake:4 =

Annotations:
Lair:1 1 runed translucent door, Suckerboh's ghost, journeyman KoTm
Lair:4 1 runed translucent door
Swamp:4 1 exclusion


Innate Abilities, Weirdness & Mutations

You have a pair of horns on your head.
You reflexively headbutt those who attack you in melee.


Message History

You kill the death drake!
Trog accepts your kill.
You feel sick.
A sourceless malevolence fills the Swamp... and a teleportation trap spontaneously manifests!
You are yanked towards a nearby monster!
Your surroundings suddenly seem different.
A seven-headed hydra comes into view.
You feel sick.
You are no longer poisoned.
As you read the scroll of teleportation, it crumbles to dust.
You feel strangely unstable.
You block the seven-headed hydra's attack. x2
The seven-headed hydra bites you.
* * * LOW HITPOINT WARNING * * *
You block the seven-headed hydra's attack.
The seven-headed hydra bites you but does no damage. x2
You block the seven-headed hydra's attack.
You feel much better.
You block the seven-headed hydra's attack.
The seven-headed hydra bites you.
* * * LOW HITPOINT WARNING * * *
You block the seven-headed hydra's attack. x3
The seven-headed hydra bites you but does no damage.
The seven-headed hydra bites you.
* * * LOW HITPOINT WARNING * * *
The seven-headed hydra attacks as you move away!
You block the seven-headed hydra's attack.
The seven-headed hydra bites you but does no damage.
You block the seven-headed hydra's attack.
The seven-headed hydra bites you but does no damage.
You block the seven-headed hydra's attack.
The seven-headed hydra bites you but does no damage. x2
The seven-headed hydra bites you!
* * * LOW HITPOINT WARNING * * *
The seven-headed hydra bites you!
* * * LOW HITPOINT WARNING * * *
The seven-headed hydra bites you!
* * * LOW HITPOINT WARNING * * *
The seven-headed hydra bites you!
You die...

*~~*~~*~*~,,*~*,*,,~*~*~*~*
*~,~~~≈.~*~~~≈≈~~~**,~~~~~~
*~,~**~~.*~~≈.*,~~**~~~~~~,
*~~**,*~≈,*≈~*,**~*~~~,~,~,
*,~*,,,#~*~~#,,,*~~*~~~,*~*
**~**,##~~#~#####~*~~~,*,*~
*~.###~≈#≈≈~≈≈≈~≈~*~~~~*~*
*.~~~~..~#~.~§~.~*,~,,*~*~
***♣~.~~D@~~.≈.~~,,,~~~*~*
♣♣♣##♣♣##♣♣##♣*******~~
****,,, **~,,~~~ *,~~,*,,
**,,~~,, **,~~,~ *~~~~,
***** *~~~~,


You could see a seven-headed hydra.

Vanquished Creatures
  Vashnia (Snake:3)
  Nikola (Swamp:1)
  Kirke (Lair:4)
  3 fenstrider witches
  Donald (Orc:2)
  4 nagarajas (Snake:4)
  3 reapers (IceCv)
  An orc warlord (Orc:2)
  An eleionoma (Swamp:1)
  3 bunyips (Swamp:3)
  A red draconian (Volcano)
  An ettin (Orc:2)
  A shambling mangrove (Swamp:2)
  The ghost of LLlMATKO the Fighter, a journeyman MiBe of Trog (D:9)
  Erolcha (Orc:1)
  A salamander tyrant (Snake:4)
  2 centaur warriors
  5 caustic shrike simulacra (IceCv)
  3 catoblepae
  7 hydras
  7 anacondas
  A ghost crab (Swamp:3)
  9 two-headed ogres
  16 death yaks
  A boulder beetle (D:9)
  A deep troll shaman (Lair:5)
  A vampire mage (Swamp:3)
  16 naga warriors
  5 alligators
  3 orc high priests (Orc:2)
  5 shock serpents
  19 naga sharpshooters
  Sonja (Lair:3)
  Amaemon (Lair:1)
  Nergalle (Orc:1)
  A skyshark (Lair:2)
  A fire crab (shapeshifter) (D:8)
  9 salamander mystics
  2 sea snakes (Snake:3)
  3 swamp dragons (Swamp:2)
  5 goliath frogs
  A death drake (Swamp:4)
  3 spriggan druids
  7 naga ritualists
  A lindwurm (Lair:5)
  A deep elf archer (Orc:2)
  2 obsidian statues (IceCv)
  4 bog bodies
  4 orc knights (Orc:2)
  A deep elf pyromancer (D:8)
  An ugly thing (D:8)
  6 cyclopes
  12 mana vipers
  3 orc sorcerers (Orc:2)
  A will-o-the-wisp (Swamp:3)
  2 manticores
  10 salamanders
  Maurice (Orc:1)
  21 elephants
  33 black mambas
  4 guardian serpents
  15 naga magi
  2 torpor snails
  A cane toad (shapeshifter) (D:8)
  An orange demon (Lair:1)
  2 yaktaurs (Volcano)
  6 rime drakes
  8 cane toads
  3 komodo dragons (Lair:5)
  3 freezing wraiths (IceCv)
  An ice devil (IceCv)
  An anaconda simulacrum (IceCv)
  2 kobold demonologists
  5 golden dragon simulacra (IceCv)
  4 trolls
  11 polar bears
  8 hornets
  2 bloated husks
  8 blink frogs
  5 tyrant leeches
  9 saltlings (Orc:2)
  8 dream sheep
  4 spriggans
  6 hogs (Lair:4)
  5 wyverns
  3 wraiths
  A basilisk (D:8)
  56 yaks
  2 steam dragons
  14 swamp worms
  4 wargs
  A harpy simulacrum (IceCv)
  10 vampire mosquitoes
  Edmund (D:5)
  46 nagas
  An acid dragon (D:11)
  13 water moccasins
  A swamp drake (Swamp:1)
  23 orc warriors
  A sky beast (D:8)
  An ettin simulacrum (IceCv)
  An ice beast (D:5)
  An alligator simulacrum (IceCv)
  9 ogres
  20 wolves
  15 centaurs
  7 kobold brigands
  7 bullfrogs
  2 gnoll sergeants (D:8)
  5 scorpions
  22 wights
  2 deep troll simulacra (IceCv)
  8 killer bees
  An electric eel (Snake:3)
  3 howler monkeys (D:7)
  Crazy Yiuf (D:2)
  13 orc priests
  8 hounds
  3 jellies
  An iron imp (D:6)
  A sleepcap (D:5)
  Jessica (D:2)
  Natasha (thrice) (D:2)
  4 iguanas
  16 orc wizards
  12 adders
  3 gnolls (D:3)
  A shadow imp (D:7)
  2 white imps
  An ufetubus (D:7)
  A worm (D:2)
  2 dart slugs
  80 orcs
  6 endoplasms
  2 giant cockroaches
  7 goblins
  3 hobgoblins
  6 jackals
  35 kobolds
  2 quokkas
  5 ball pythons
  4 bats
  4 frilled lizards
  A goblin skeleton (D:6)
  3 goblin zombies (D:6)
  4 hobgoblin zombies (D:6)
  2 orc skeletons (D:6)
  An orc zombie (D:6)
  7 rats
  A bush (Lair:5)
  18 pillars of salt (Orc:2)
933 creatures vanquished.

Vanquished Creatures (collateral kills)
  An orc wizard (D:8)
1 creature vanquished.

Vanquished Creatures (others)
  A swamp dragon (Swamp:3)
  3 bloated husks
  A tyrant leech (Swamp:3)
  An orc (Orc:2)
  13 foxfires
  56 fungi
  7 pillars of salt (Orc:2)
  40 plants
  4 toadstools (D:4)
126 creatures vanquished.

Grand Total: 1060 creatures vanquished

Notes
Turn   | Place    | Note
-------+----------+-------------------------------------------
     0 | D:1      | Dirian the Minotaur Berserker began the quest for the Orb.
     0 | D:1      | Reached XP level 1. HP: 19/19 MP: 0/0
   356 | D:1      | Reached XP level 2. HP: 25/27 MP: 1/1
   916 | D:2      | Noticed Natasha
   931 | D:2      | Killed Natasha
   932 | D:2      | Reached XP level 3. HP: 26/33 MP: 2/2
   964 | D:2      | Reached ** piety under Trog
   980 | D:2      | Noticed Natasha
   993 | D:2      | Killed Natasha
   994 | D:2      | Reached XP level 4. HP: 19/41 MP: 3/3
  1025 | D:2      | Noticed Natasha
  1042 | D:2      | Killed Natasha
  1043 | D:2      | Reached skill level 5 in Axes
  1308 | D:2      | Noticed Jessica
  1315 | D:2      | Killed Jessica
  1316 | D:2      | Reached XP level 5. HP: 47/47 MP: 4/4
  1426 | D:2      | Found a runed translucent door.
  1427 | D:2      | Noticed Crazy Yiuf
  1569 | D:2      | Killed Crazy Yiuf
  1635 | D:3      | Reached skill level 5 in Armour
  1790 | D:3      | Reached XP level 6. HP: 55/55 MP: 5/5
  1841 | D:3      | Found a basalt altar of Yredelemnul.
  2077 | D:3      | Found Zin's Purification Station.
  2080 | D:3      | Found a glowing silver altar of Zin.
  2418 | D:4      | Reached skill level 5 in Fighting
  2626 | D:4      | Found Viacw's Vocational Training.
  2712 | D:4      | Reached XP level 7. HP: 61/61 MP: 6/6
  2789 | D:4      | Reached *** piety under Trog
  2936 | D:5      | Entered Level 5 of the Dungeon
  2993 | D:5      | Reached skill level 1 in Shields
  3047 | D:5      | Noticed Edmund
  3066 | D:5      | Killed Edmund
  3245 | D:5      | Noticed a troll
  3253 | D:5      | Killed a troll
  3254 | D:5      | Reached XP level 8. HP: 40/70 MP: 7/7
  3687 | D:5      | Reached skill level 2 in Shields
  3687 | D:5      | HP: 3/71 [orc priest/divine providence (11)]
  4347 | D:6      | Reached skill level 10 in Axes
  4347 | D:6      | Reached XP level 9. HP: 57/79 MP: 8/8
  4424 | D:6      | Found Duxt's Antique Weapon Boutique.
  4611 | D:6      | Reached **** piety under Trog
  4635 | D:6      | Found a glowing golden altar of the Shining One.
  5091 | D:7      | Found an opulent altar of Gozag.
  5105 | D:7      | Paralysed by a hornet for 2 turns
  5478 | D:7      | Found a shimmering altar of Xom.
  5797 | D:7      | Reached skill level 3 in Shields
  5820 | D:7      | Reached skill level 10 in Armour
  6052 | D:7      | Found a staircase to the Ecumenical Temple.
  6324 | D:7      | Found a burning altar of Makhleb.
  6327 | D:7      | Found a white marble altar of Elyvilon.
  6439 | D:7      | Reached XP level 10. HP: 88/88 MP: 9/9
  6731 | D:8      | Reached ***** piety under Trog
  6817 | D:8      | Noticed a centaur warrior
  6820 | D:8      | Reached skill level 1 in Evocations
  6827 | D:8      | Killed a centaur warrior
  6828 | D:8      | Reached skill level 4 in Shields
  6947 | D:8      | Noticed a fire crab
  6958 | D:8      | Killed a fire crab
  7193 | D:8      | Noticed a two-headed ogre
  7200 | D:8      | Killed a two-headed ogre
  7201 | D:8      | Reached skill level 5 in Shields
  7213 | D:8      | Noticed a two-headed ogre
  7219 | D:8      | Killed a two-headed ogre
  7220 | D:8      | Reached XP level 11. HP: 48/97 MP: 10/10
  7470 | D:8      | Noticed a deep elf pyromancer
  7470 | D:8      | Noticed a red ugly thing
  7481 | D:8      | Killed a deep elf pyromancer
  7571 | D:8      | Reached skill level 6 in Shields
  7694 | D:8      | Killed a red ugly thing
  8499 | D:9      | Noticed a two-headed ogre
  8505 | D:9      | Killed a two-headed ogre
  8733 | D:9      | Reached skill level 15 in Axes
  8798 | D:9      | Noticed a boulder beetle
  8815 | D:9      | Reached skill level 10 in Fighting
  8815 | D:9      | Reached skill level 7 in Shields
  8815 | D:9      | Reached skill level 5 in Evocations
  8841 | D:9      | Killed a boulder beetle
  8841 | D:9      | Received a gift from Trog
  8996 | D:9      | Found a runed translucent gate.
  8996 | D:9      | Found a runed translucent gate.
  8996 | D:9      | Found a runed translucent gate.
  9000 | D:9      | Noticed LLlMATKO's ghost (journeyman MiBe)
  9056 | D:9      | Found a staircase to the Lair.
  9057 | D:9      | Noticed a two-headed ogre
  9067 | D:9      | Killed a two-headed ogre
  9068 | D:9      | Reached XP level 12. HP: 60/106 MP: 11/11
  9307 | D:9      | Found a shimmering blue altar of Sif Muna.
  9316 | D:9      | Found a shadowy altar of Dithmenos.
  9448 | D:9      | Killed LLlMATKO's ghost
  9508 | D:10     | Entered Level 10 of the Dungeon
  9999 | Lair:1   | Entered Level 1 of the Lair of Beasts
 10109 | Lair:1   | Noticed a catoblepas
 10119 | Lair:1   | Killed a catoblepas
 10120 | Lair:1   | Reached skill level 8 in Shields
 10144 | Lair:1   | Found a runed translucent door.
 10144 | Lair:1   | Noticed Suckerboh's ghost (journeyman KoTm)
 10430 | Lair:1   | Noticed Amaemon
 10444 | Lair:1   | Killed Amaemon
 11257 | Lair:2   | Reached skill level 9 in Shields
 11262 | Lair:2   | Received a gift from Trog
 11726 | Lair:3   | Noticed Sonja
 11738 | Lair:3   | Killed Sonja
 11813 | Lair:3   | Found a staircase to the Swamp.
 11848 | Lair:3   | Found a staircase to the Snake Pit.
 12101 | Lair:3   | Reached XP level 13. HP: 107/116 MP: 12/12
 12795 | Lair:4   | Reached skill level 10 in Shields
 13357 | Lair:4   | Noticed Kirke
 13360 | Lair:4   | Noticed a sphinx
 13546 | Lair:4   | Killed Kirke
 13838 | Lair:4   | Found a runed translucent door.
 13838 | Lair:4   | Found a viscous altar of Jiyva.
 13838 | Lair:4   | Noticed an acid blob
 13839 | Lair:4   | Noticed an acid blob
 13840 | Lair:4   | Found a staircase to the Slime Pits.
 14090 | Lair:5   | Entered Level 5 of the Lair of Beasts
 14121 | Lair:4   | Reached skill level 11 in Shields
 14484 | Lair:5   | Reached XP level 14. HP: 83/127 MP: 13/13
 14880 | Lair:5   | Received a gift from Trog
 15382 | Lair:5   | Reached skill level 12 in Shields
 16439 | D:11     | Identified the +1 chain mail of Ocsyupoa {+Inv}
 16466 | D:11     | Found a staircase to the Orcish Mines.
 16525 | D:11     | Reached skill level 13 in Shields
 17115 | Orc:1    | Entered Level 1 of the Orcish Mines
 17121 | Orc:1    | Noticed Nergalle
 17121 | Orc:1    | Noticed Erolcha
 17133 | Orc:1    | Killed Nergalle
 17145 | Orc:1    | Killed Erolcha
 17175 | Orc:1    | Found a dark tunnel.
 17183 | Volcano  | Entered a volcano
 17253 | Volcano  | Reached ****** piety under Trog
 17556 | Orc:2    | Entered Level 2 of the Orcish Mines
 17608 | Orc:2    | Noticed Donald
 17657 | Orc:2    | Killed Donald
 17822 | Orc:2    | Found a staircase to the Elven Halls.
 18116 | Orc:1    | Received a gift from Trog
 18150 | Orc:1    | Found a transporter.
 18150 | Orc:1    | Found Leteapp's Book Boutique.
 18170 | Orc:1    | Reached XP level 15. HP: 138/138 MP: 14/14
 18185 | Orc:1    | Noticed Maurice
 18211 | Orc:1    | Killed Maurice
 18484 | Orc:1    | Found a transporter.
 18595 | Orc:2    | Identified the +10 scimitar of the Known World {flame,
                  | Dex+2}
 18722 | Orc:2    | Identified the +5 chain mail of Tuel {-Cast +Inv rCorr}
 18819 | Orc:2    | Reached skill level 14 in Shields
 18928 | Orc:2    | Found Jeutiz's General Store.
 19034 | Orc:2    | Found Buddoqesh's Book Shop.
 19285 | Orc:2    | Found Monem's Assorted Antiques.
 19566 | Orc:2    | Found Qeud's Armour Boutique.
 19897 | Snake:1  | Entered Level 1 of the Snake Pit
 20369 | Snake:1  | Reached skill level 15 in Fighting
 20544 | Snake:1  | Reached skill level 15 in Shields
 21942 | Snake:2  | Received a gift from Trog
 22585 | Snake:2  | Reached skill level 16 in Shields
 22725 | Snake:2  | Identified the +5 rapier "Fuarch" {holy, *Rage MP+9 Dex+3}
 22773 | Snake:2  | Reached skill level 10 in Evocations
 23015 | Snake:3  | Reached XP level 16. HP: 132/150 MP: 15/15
 23682 | Snake:3  | Noticed Vashnia
 23712 | Snake:3  | Reached skill level 15 in Armour
 23712 | Snake:3  | Reached skill level 17 in Shields
 23911 | Snake:3  | Killed Vashnia
 24132 | Snake:3  | Received a gift from Trog
 24470 | Snake:4  | Entered Level 4 of the Snake Pit
 24515 | Snake:4  | Found a frozen archway.
 24557 | IceCv    | Entered an ice cave
 24720 | IceCv    | Reached skill level 18 in Shields
 25747 | Snake:4  | Found Ebrur's Jewellery Boutique.
 25801 | Snake:4  | Found a snail-covered altar of Cheibriados.
 26008 | Snake:4  | Received a gift from Trog
 26435 | Snake:4  | Reached skill level 19 in Shields
 26439 | Snake:4  | Reached XP level 17. HP: 130/158 MP: 16/16
 26556 | Snake:4  | Identified the +12 hand axe "Tormentor" {flame, Str+3}
                  | (Trog gifted it to you on level 4 of the Snake Pit)
 26556 | Snake:4  | Received a gift from Trog
 26841 | Snake:4  | Got a serpentine rune of Zot
 27066 | Snake:4  | Bought the ring "Yluene" {rF++ rC+ Stlth+} for 1046 gold
                  | pieces
 27185 | Swamp:1  | Entered Level 1 of the Swamp
 27587 | Swamp:1  | Noticed Nikola
 27596 | Swamp:1  | Killed Nikola
 28740 | Swamp:2  | Reached skill level 20 in Shields
 29057 | Swamp:2  | Received a gift from Trog
 30151 | Swamp:4  | Entered Level 4 of the Swamp
 30194 | Swamp:4  | Slain by a seven-headed hydra

Illustrated notes

Levels and vault maps discovered:
D:1:      dpeg_arrival_signposts, layout_loops_ring, minmay_misc_feat_chi,
          columned_hall_lemuel
D:2:      layout_basic, uniq_natasha, uniq_crazy_yiuf_cottage, uniq_jessica
D:3:      layout_loops_ring, mainiacjoe_overflow_brackets, zin_purify
D:4:      layout_rooms, minmay_gold_behind_fungi, nicolae_shop_vocational
D:5:      layout_basic, uniq_edmund
D:6:      layout_loops_ring, nicolae_tso_besieged_by_evil, serial_shops, shop
D:7:      layout_basic, xom_teletrap_fun, lemuel_crystal_altar,
          nicolae_overflow_hidden_temple, lemuel_temple_firewalk_b
D:8:      minmay_the_grid_triangle_9x9_rhombus_full
          [minmay_the_grid_triangle_9x9_corrupted_corridor,
          minmay_the_grid_triangle_9x9_empty,
          minmay_the_grid_triangle_9x9_shrine,
          minmay_the_grid_triangle_9x9_checkered,
          minmay_the_grid_triangle_9x9_windchime,
          minmay_the_grid_triangle_9x9_pentomino_pain,
          minmay_the_grid_triangle_9x9_limited_checkers,
          minmay_the_grid_triangle_9x9_prize_top_heavy], layout_rooms,
          special_room [special_room_orc], minmay_manual_monstrance
D:9:      layout_cave_pools, mainiacjoe_overflow_swirl, lair_entry_dummy,
          biasface_ghost_orc_armoury, lightli_fourway_metalbox
D:10:     layout_basic
D:11:     layout_irregular_city, david_orc_1_choice
Lair:1:   layout_chaotic_city, gammafunk_ghost_grave, grunt_megastairs_3,
          uniq_amaemon
Lair:2:   layout_cave_pods, beast_lair_carwin_9
Lair:3:   layout_regular_city, swamp_mist_pool,
          minmay_snake_entry_guardpost_small, cheibrodos_lair_lostbears,
          uniq_sonja
Lair:4:   layout_concentric_octagons, slime_entry_2, uniq_kirke
Lair:5:   grunt_lair_end_beastmaster, layout_regular_city,
          dreamdust_mushroom_princess
Swamp:1:  layout_basic_swamp, evilmike_swamp_ruin_wall, uniq_nikola
Swamp:2:  layout_basic_swamp, hangedman_swamp_ruin_wall, st_swamp_mini
Swamp:3:  layout_falls_marsh, nicolae_swamp_round_clearing,
          cheibrodos_swamp_pet_leeches
Swamp:4:  swamp_vile, layout_basic_swamp, swamp_pool1,
          nicolae_swamp_necromancer_hut
Snake:1:  layout_chambers, grunt_megastairs_2
Snake:2:  layout_onion, st_stairs_10
Snake:3:  layout_grid_shapes, hangedman_snake_pattern,
          nicolae_snake_yet_another_twisty_hallway, drop_trap,
          serial_bayou_ford_a, eino_curves_03, uniq_vashnia
Snake:4:  snake_pit, layout_gridlike, serial_shops, shop, basic_altar,
          portal_ice_cave_entry_pillars_three
Orc:1:    layout_diamond_mine, serial_shops, nicolae_shop_drivethru,
          enter_volcano_2, uniq_nergalle, uniq_erolcha, uniq_maurice
Orc:2:    hellmonk_orc_salted, layout_diamond_mine, elf_legates, uniq_donald

Skill      XL: |  1  2  3  4  5  6  7  8  9 10 11 12 13 14 15 16 17 |
---------------+----------------------------------------------------+-----
Axes           | 4 5 6 8 10 11 13 15 16 18 19 | 19.2
Fighting       | 4 5 6 7 8 9 10 11 12 14 15 16 17 | 17.8
Armour         | 3 4 5 6 7 8 10 11 12 13 14 15 | 15.9
Shields        | 1 2 3 5 7 9 11 13 16 19 20 | 20.3
Evocations     | 3 5 6 7 9 10 11 | 11.5
Dodging        | |  2.1

Action                     |  1- 3 |  4- 6 |  7- 9 | 10-12 | 13-15 | 16-18 || total
---------------------------+-------+-------+-------+-------+-------+-------++-------
  Melee: Hand axe          |    60 |   116 |    58 |       |       |       ||   234
         Headbutt          |     4 |    13 |    45 |   104 |   221 |   170 ||   557
         Punch             |     1 |       |       |       |       |       ||     1
         Broad axe         |       |       |   146 |   428 |   924 |   702 ||  2200
         War axe           |       |       |       |       |    11 |       ||    11
 Invoke: Berserk           |       |     3 |     1 |     4 |     7 |     5 ||    20
         Trog's Hand       |       |     1 |     1 |     5 |     8 |    11 ||    26
  Evoke: Wand              |       |       |     1 |     1 |       |     8 ||    10
         Condenser vane    |       |       |       |       |       |     1 ||     1
    Use: Scroll            |       |     5 |     3 |     6 |    15 |     9 ||    38
         Potion            |       |       |     1 |       |     2 |     4 ||     7
   Stab: Petrified         |       |       |       |       |    12 |       ||    12
 Armour: Ring mail         |    23 |    37 |    15 |       |       |       ||    75
         Animal skin       |     1 |       |       |       |       |       ||     1
         Scale mail        |       |       |    21 |       |       |       ||    21
         Chain mail        |       |       |    62 |   176 |   347 |   208 ||   793
  Dodge: Dodged            |    34 |    65 |   139 |   156 |   229 |   134 ||   757
  Block: Buckler           |       |     8 |    40 |   186 |   224 |       ||   458
         Reflection        |       |       |       |    15 |    40 |    48 ||   103
         Kite shield       |       |       |       |       |   260 |   484 ||   744
